 Dungeon Crawl Stone Soup version 0.31-a0-23-gcbde74481b (webtiles) character file.

Game seed: 8690813041831673162

373 dthurber the Cleaver (level 6, -2/53 HPs)
             Began as a Hill Orc Berserker on Apr 14, 2023.
             Was a Believer of Trog.
             Slain by a hound (3 damage)
             ... on level 4 of the Dungeon on May 14, 2023.
             The game lasted 00:17:01 (3195 turns).

dthurber the Cleaver (Hill Orc Berserker)           Turns: 3195, Time: 00:17:02

Health: -2/53      AC: 11    Str: 22    XL:     6   Next: 72%
Magic:  6/6        EV: 11    Int:  7    God:    Trog [**....]
Gold:   102        SH:  0    Dex: 10    Spells: 5/5 levels left

rFire   + . .        a - +0 hand axe
rCold   . . .        (no shield)
rNeg    . . .        e - +4 ring mail
rPois   .            (no helmet)
rElec   .            k - +0 cloak
rCorr   .            l - +0 pair of gloves
SInv    .            (no boots)
Will    +....        (no amulet) Stlth
                     (no ring)
HPRegen 0.28/turn    (no ring)
MPRegen 0.10/turn

%: no passive effects
@: no status effects
A: talons 1, fire resistance 1, strong-willed 1, inability to read after injury
1
a: Renounce Religion, Berserk, Trog's Hand


You were on level 4 of the Dungeon.
You worshipped Trog.
Trog was pleased with you.
You visited 1 branch of the dungeon, and saw 4 of its levels.

You collected 271 gold pieces.
You spent 169 gold pieces at shops.

Inventory:

Hand Weapons
 a - a +0 hand axe (weapon)
Missiles
 c - 5 datura-tipped darts
 d - 8 poisoned darts (quivered)
 m - 5 curare-tipped darts
Armour
 e - a +4 ring mail (worn)
 k - a +0 cloak (worn)
 l - a +0 pair of gloves (worn)
Wands
 f - a wand of flame (8)
Scrolls
 j - a scroll of teleportation
 n - a scroll of noise {unknown}
 p - a scroll of identify
Potions
 b - 4 potions of curing
 g - a potion of might
 h - a potion of mutation
 i - a potion of heal wounds
 o - a potion of invisibility {unknown}


   Skills:
 - Level 4.3 Fighting
 * Level 9.1 Axes
 - Level 2.3 Armour
 - Level 1.7 Dodging


You had 5 spell levels left.
You didn't know any spells.
Your spell library was empty.

Dungeon Overview and Level Annotations

Branches:
Dungeon (4/15)
 Temple: D:4-7

Altars:
Makhleb

Shops:
D:1 *   D:3 *

Annotations:
D:4 Edmund, Eustachio, Natasha


Innate Abilities, Weirdness & Mutations

You have sharp toenails.
Your flesh is heat resistant. (rF+)
You are strong-willed. (Will+)
You occasionally lose the ability to read scrolls when taking damage.


Message History

You closely miss the hound.
The hound pauses to sniff the ground.
The hound barely misses you.
A hound comes into view.
Edmund hits you but does no damage.
You barely miss Edmund.
The hound barks!
Your kick misses Edmund.
Edmund is lightly wounded.
You barely miss the hound.
You can read scrolls again.
The hound bites you but does no damage.
Natasha, Servant of Life and Death comes into view.
The hound barely misses you.
You hit Edmund.
Edmund is lightly wounded.
You barely miss the hound.
You hear the slow rusting of a distant drain.
Edmund hits you with a +3 dire flail of holy wrath!
* * * LOW HITPOINT WARNING * * *
The hound bites you.
* * * LOW HITPOINT WARNING * * *
You hit Edmund. You claw Edmund.
Edmund is moderately wounded.
You hit the hound but do no damage.
Edmund hits you with a +3 dire flail of holy wrath.
* * * LOW HITPOINT WARNING * * *
The hound misses you.
You hit Edmund but do no damage. Your kick misses Edmund.
Edmund is moderately wounded.
You closely miss the hound. Edmund closely misses you.
Natasha wildly gestures.
Natasha's front paws start to glow.
You hit Edmund.
Edmund is heavily wounded.
You closely miss the hound. You hit the hound.
The hound bites you but does no damage.
A gnoll comes into view. It is wielding a +0 halberd.
The hound bites you.
You die...

. .# #. #. ..
#.. ###.. .#
##..##......
#........ .
#.......#>#
#......@#.##.@g
###
#......@h.h...P
#.##
#.>....h#####.P
##.## #.......#
##)###.......#
#..........##
##.###.###.##
##.## #.# #.#
#.## #.# #.#
### #.# #..


You could see Edmund, Eustachio, 2 hounds, Natasha and a gnoll (wandering).

Vanquished Creatures
  A sky beast (D:3)
  A phantom (D:4)
  An orc priest (D:3)
  Jessica (D:2)
  An orc wizard (D:3)
  A gnoll (D:2)
  3 adders (D:2)
  A worm (D:3)
  2 dart slugs
  2 orcs
  8 endoplasms
  5 giant cockroaches
  10 goblins
  6 hobgoblins
  6 jackals
  3 kobolds
  3 quokkas
  9 ball pythons
  8 bats
  3 frilled lizards
  10 rats
85 creatures vanquished.

Notes
Turn   | Place    | Note
-------+----------+-------------------------------------------
     0 | D:1      | dthurber the Hill Orc Berserker began the quest for the
                  | Orb.
     0 | D:1      | Reached XP level 1. HP: 19/19 MP: 1/1
    32 | D:1      | Found Rumpuargh's General Store.
   107 | D:1      | Reached XP level 2. HP: 22/27 MP: 2/2
   304 | D:1      | Reached XP level 3. HP: 31/34 MP: 3/3
   666 | D:1      | Reached ** piety under Trog
   963 | D:1      | Reached skill level 5 in Axes
  1260 | D:2      | Reached XP level 4. HP: 35/41 MP: 4/4
  1416 | D:2      | Noticed Jessica
  1424 | D:2      | Reached skill level 6 in Axes
  1428 | D:2      | Killed Jessica
  1716 | D:2      | Reached XP level 5. HP: 45/47 MP: 5/5
  1871 | D:2      | Found a burning altar of Makhleb.
  2109 | D:2      | Gained mutation: You are strong-willed. (Will+) [potion of
                  | mutation]
  2109 | D:2      | Gained mutation: Your flesh is heat resistant. (rF+)
                  | [potion of mutation]
  2109 | D:2      | Gained mutation: You occasionally lose the ability to read
                  | scrolls when taking damage. [potion of mutation]
  2109 | D:2      | Gained mutation: You have sharp toenails. [potion of
                  | mutation]
  2413 | D:3      | Reached skill level 7 in Axes
  2557 | D:3      | Found Ygimuuwn's Assorted Antiques.
  2557 | D:3      | Noticed a sky beast
  2561 | D:3      | Killed a sky beast
  2562 | D:3      | Reached skill level 8 in Axes
  2562 | D:3      | Reached XP level 6. HP: 53/53 MP: 6/6
  2679 | D:1      | Bought a wand of flame (8) for 72 gold pieces
  2679 | D:1      | Bought a +0 cloak for 58 gold pieces
  2679 | D:1      | Bought a potion of curing for 39 gold pieces
  2695 | D:1      | Upgraded the game from 0.30-a0-1075-gcd70e7a56d to
                  | 0.31-a0-23-gcbde74481b
  3117 | D:4      | Reached skill level 9 in Axes
  3182 | D:4      | Noticed Edmund
  3184 | D:4      | Noticed Eustachio
  3191 | D:4      | Noticed Natasha
  3193 | D:4      | HP: 1/53 [Edmund/+3 dire flail of holy wrath (5)]
  3195 | D:4      | Slain by a hound

Illustrated notes

Levels and vault maps discovered:
D:1:      minmay_arrival_floating_metal, layout_loops_ring, serial_shops,
          shop_statue
D:2:      layout_rooms, basic_altar, cheibrodos_gnoll_hut, uniq_jessica
D:3:      layout_basic, serial_shops, shop
D:4:      layout_loops_ring, temple_hall, gup_sewer_entry_glass,
          dreamdust_gnoll_farm, uniq_edmund, uniq_blork_the_orc, uniq_eustachio,
          uniq_natasha

Skill      XL: |  1  2  3  4  5  6 |
---------------+-------------------+-----
Fighting       | 4 |  4.3
Axes           | 5 6 8 9 |  9.1
Armour         | |  2.3
Dodging        | |  1.7

Action                     |  1- 3 |  4- 6 || total
---------------------------+-------+-------++-------
  Melee: Hand axe          |   125 |   168 ||   293
         Kick              |       |    25 ||    25
         Punch             |       |     1 ||     1
 Invoke: Berserk           |       |     2 ||     2
    Use: Scroll            |       |     8 ||     8
         Potion            |       |     3 ||     3
 Armour: Animal skin       |    13 |       ||    13
         Ring mail         |    34 |    59 ||    93
  Dodge: Dodged            |    82 |    95 ||   177

Table legend: (Time is in decaauts)
 A = Elapsed time spent in this place.
 B = Non-inter-level travel time spent in this place.
 C = Inter-level travel time spent in this place.
 D = Time resting spent in this place.
 E = Time spent auto-exploring this place.
 F = Levels seen in this place.
 G = Mean time per level.
                   A        B        C        D        E       F      G
               +--------+--------+--------+--------+--------+-----+--------+
         Total |   3225 |   1983 |   1242 |      0 |    927 |   4 |  806.2 |
       Dungeon |   3225 |   1983 |   1242 |      0 |    927 |   4 |  806.2 |
               +--------+--------+--------+--------+--------+-----+--------+

Top non-repeatable levels by time:
     D:1: 1322 daAuts
     D:2: 1085 daAuts
     D:3: 713 daAuts
     D:4: 103 daAuts
